 Dungeon Crawl Stone Soup version 0.30-a0-279-g4b46babb21 (webtiles) character file.

Game seed: 16817770435620917451

770 Flugkiller the Sneak (level 7, -5/48 HPs)
             Began as an Octopode Delver on Oct 16, 2022.
             Was an Initiate of Gozag.
             Slain by an orc
             ... wielding a +0 hand axe
              (6 damage)
             ... on level 5 of the Dungeon.
             The game lasted 00:04:54 (4072 turns).

Flugkiller the Sneak (Octopode Delver)              Turns: 4072, Time: 00:04:54

Health: -5/48      AC:  1    Str: 11    XL:     7   Next: 82%
Magic:  10/10      EV: 15    Int: 12    God:    Gozag
Gold:   175        SH:  0    Dex: 16    Spells: 9/10 levels left

rFire   . . .      SeeInvis .    j - +2 dagger (venom)
rCold   . . .      Faith    .    (no shield)
rNeg    . . .      Spirit   .    (helmet restricted)
rPois   .          Reflect  .    (no amulet)
rElec   .          Harm     .    g - ring of wizardry
rCorr   .          Rampage  .    (no ring)
Will    .....                    (no ring)
Stlth   ++++......               (no ring)
HPRegen 0.28/turn                (no ring)
MPRegen 0.12/turn                (no ring)
                                 (no ring)
                                 (no ring)

@: brilliant, gold aura
A: almost no armour, amphibious, 8 rings, camouflage 1, gelatinous body 1,
(nimble swimmer 1), tentacles
a: Renounce Religion, Potion Petition, Call Merchant, Bribe Branch


You were on level 5 of the Dungeon.
You worshipped Gozag.
Gozag was aware of your devotion.
You visited 2 branches of the dungeon, and saw 6 of its levels.

You collected 246 gold pieces.
You paid 71 gold pieces to Gozag.

Inventory:

Hand Weapons
 j - a +2 dagger of venom (weapon)
   (You took it off a kobold on level 1 of the Dungeon)
Jewellery
 g - a ring of wizardry (left tentacle)
   (You found it on level 3 of the Dungeon)
Wands
 f - a wand of digging (2)
Scrolls
 b - 2 scrolls of fog
 c - a scroll of poison {unknown}
 i - a scroll of enchant armour {unknown}
 l - a scroll of summoning {unknown}
 n - 2 scrolls of brand weapon
 o - 2 scrolls of torment {unknown}
 p - a scroll of vulnerability {unknown}
 t - a scroll of teleportation
Potions
 a - a potion of magic
 h - a potion of haste
 k - a potion of degeneration {unknown}
 m - a potion of invisibility {unknown}
 s - a potion of brilliance
 u - 2 potions of lignification


   Skills:
 + Level 4.3 Fighting
 + Level 2.5 Short Blades
 + Level 5.2 Dodging
 - Level 6.6 Stealth
 - Level 2.0 Spellcasting
 - Level 5.0 Hexes


You had 9 spell levels left.
You knew the following spells:

 Your Spells              Type           Power      Damage    Failure   Level
a - Slow                  Hex            76%        N/A       1%          1

Your spell library contained the following spells:

 Spells                   Type           Power      Damage    Failure   Level
 Confusing Touch          Hex            19%        N/A       4%          3
 Portal Projectile        Hex/Tloc       20%        N/A       12%         3
 Blink                    Tloc           2%         N/A       16%         2
 Momentum Strike          Conj/Tloc      2%         3d8       16%         2
 Call Canine Familiar     Summ           1%         N/A       32%         3
 Lesser Beckoning         Tloc           2%         N/A       32%         3
 Vampiric Draining        Necr           1%         2d6       32%         3
 Leda's Liquefaction      Hex/Erth       5%         N/A       34%         4


Dungeon Overview and Level Annotations

Branches:
Dungeon (5/15) Zot: 23579  Temple (1/1) D:4 Zot: 5966

Altars:
Ashenzari
Elyvilon
Gozag
Hepliaklqana
Kikubaaqudgha
Makhleb
Qazlal
Ru
Uskayaw
Xom
The Shining One

Annotations:
D:4 exclusions: jackal and ogre


Innate Abilities, Weirdness & Mutations

You cannot wear most types of armour.
You are amphibious.
You can wear up to eight rings at the same time.
Your skin changes colour to match your surroundings (Stealth+).
Your rubbery body absorbs attacks. (AC +1, EV +1)
((You are camouflaged when in or above water. (Stealth+)))
You have tentacles for arms and can constrict up to eight enemies at once.


Message History

Something tries to affect you, but you resist.
The orc hits you but does no damage.
You hit something but do no damage.
Reactivating autopickup.
You feel a bit more experienced.
The orc priest invokes the aid of Beogh against you.
Beogh smites you!
Unknown command.
You cannot move.
You cannot move.
Unknown command.
You cannot move.
You cannot move.
Deactivating autopickup; reactivate with Ctrl-A.
You hit something.
An orc wizard appears from thin air!
Reactivating autopickup.
The orc wizard casts a spell at you. You resist with some effort.
The orc hits you but does no damage.
The orc hits you from afar with a +0 trident.
The orc priest calls upon Beogh to heal the orc wizard.
The orc wizard's wounds heal themselves!
You hit the orc wizard.
The orc wizard is lightly wounded.
The orc wizard hits you but does no damage.
The orc hits you with a +0 hand axe. The orc hits you but does no damage.
Something hits you but does no damage.
Deactivating autopickup; reactivate with Ctrl-A.
You miss something.
The orc priest miscasts a cantrip.
The orc wizard hits you but does no damage.
The orc hits you but does no damage. x2; Something hits you but does no damage.
You hit the orc wizard.
The orc wizard is moderately wounded.
The orc priest calls upon Beogh to heal the orc wizard.
The orc wizard's wounds heal themselves!
The orc wizard hits you but does no damage.
The orc hits you but does no damage. Something hits you but does no damage.
The orc hits you but does no damage.
You barely miss the orc wizard.
The orc priest calls upon Beogh to heal the orc wizard.
The orc wizard's wounds heal themselves!
The orc wizard hits you but does no damage.
The orc hits you but does no damage. Something hits you but does no damage.
The orc hits you but does no damage.
You hit the orc wizard but do no damage.
The orc wizard looks even sicker.
An orc wizard appears from thin air!
Reactivating autopickup.
The orc wizard hits you but does no damage.
The orc hits you but does no damage.
The orc wizard gestures at you while chanting.
The magic dart hits you but does no damage.
The orc hits you but does no damage.
You hit the orc priest.
The orc priest is moderately wounded.
The orc priest hits you but does no damage.
The orc wizard barely misses you.
The orc hits you from afar with a +0 trident.
The orc wizard hits you but does no damage.
The orc hits you but does no damage.
You hit the orc priest.
The orc priest is poisoned.
The orc priest is heavily wounded.
You feel less wooden.
The orc wizard hits you with a +0 dagger.
The orc is distracted by your dazzling golden aura.
The orc hits you from afar with a +0 trident.
The orc wizard closely misses you.
The orc shouts!
You closely miss the orc priest. You grab the orc priest.
The orc priest is heavily wounded.
You constrict the orc priest. The orc priest misses you.
You hit the orc priest.
You kill the orc priest!
You kill the orc wizard!
The orc wizard hits you with a +0 dagger.
* * * LOW HITPOINT WARNING * * *
The orc hits you from afar with a +0 trident.
* * * LOW HITPOINT WARNING * * *
Unknown command.
You feel better.
The orc wizard hits you with a +0 dagger.
The orc hits you from afar with a +0 trident!
* * * LOW HITPOINT WARNING * * *
You closely miss the orc wizard. You grab the orc wizard.
You squeeze the orc wizard.
The orc wizard is heavily wounded.
You constrict the orc wizard, but do no damage.
The orc wizard hits you with a +0 dagger.
* * * LOW HITPOINT WARNING * * *
The orc hits you from afar with a +0 trident!
* * * LOW HITPOINT WARNING * * *
Okay, then.
Okay, then.
You hit the orc wizard.
The orc wizard looks as sick as possible!
You squeeze the orc wizard.
The orc wizard is almost dead.
You constrict the orc wizard.
The orc is no longer distracted by gold.
The orc wizard barely misses you. The orc hits you with a +0 hand axe.
You die...
Your body crumbles into a pile of gold.

,,*,,,,,*########## #.##.#.#....#
,,,,,,,,..........###......#.....
,,,,,,,,.....)....#........#.....
,,,,,,,,..........#.#......#.....
*,,,*,,,..........#.#.#.####.....
*,,,,,**.....!...##.#.#....#.....
*,,,,,**.........'$............#.
*,,,****.......o.##..#........###
*,,,+,,+....!.$o@##........#.....
*,,,****.......$$###.#...........
*,,,* *......o$.# #.#.#........#
***** *.........# #.......##.#.#
*.........# #..........#.#
*.........# #.#....#####.#
*.........# #.#....# #..
*.........# ###....* ###
*.........# *,#..#


You could see an orc wizard (extremely poisoned) and 2 orcs.

Vanquished Creatures
  Menkaure (D:4)
  A scorpion (D:5)
  A howler monkey (D:4)
  2 orc priests
  3 hounds
  2 jellies
  Terence (D:3)
  2 iguanas (D:5)
  Natasha (twice) (D:2)
  2 orc wizards (D:5)
  A gnoll (D:1)
  6 adders
  An ufetubus (D:4)
  2 worms
  2 dart slugs
  6 orcs
  9 ball pythons
  7 endoplasms
  7 giant cockroaches
  4 goblins
  7 hobgoblins
  2 jackals (D:4)
  A quokka (D:1)
  7 bats
  4 frilled lizards
  9 kobolds
  5 rats
97 creatures vanquished.

Notes
Turn   | Place    | Note
-------+----------+-------------------------------------------
     0 | D:5      | Flugkiller the Octopode Delver began the quest for the Orb.
     0 | D:5      | Reached XP level 1. HP: 16/16 MP: 1/1
     4 | D:5      | Noticed an iguana
     8 | D:5      | Found a shimmering altar of Xom.
    99 | D:4      | Noticed Menkaure
   122 | D:4      | Noticed an orc priest
   192 | D:3      | Noticed a jelly
   233 | D:3      | Killed a jelly
   234 | D:3      | Reached XP level 2. HP: 21/21 MP: 2/2
   234 | D:3      | Reached XP level 3. HP: 26/26 MP: 3/3
   266 | D:2      | Found a faded altar of an unknown god.
   628 | D:1      | Reached XP level 4. HP: 24/31 MP: 4/4
  1291 | D:2      | Reached skill level 5 in Dodging
  1291 | D:2      | Reached XP level 5. HP: 36/36 MP: 5/5
  1574 | D:2      | Noticed Natasha
  1579 | D:2      | Killed Natasha
  1679 | D:2      | Noticed Natasha
  1693 | D:2      | Killed Natasha
  2102 | D:3      | Reached skill level 1 in Spellcasting
  2202 | D:3      | Noticed Terence
  2216 | D:3      | Killed Terence
  2217 | D:3      | Reached XP level 6. HP: 39/43 MP: 6/8
  2514 | D:3      | Learned a level 1 spell: Slow
  2717 | D:3      | Reached skill level 1 in Hexes
  2916 | D:4      | Killed Menkaure
  3258 | D:4      | Reached XP level 7. HP: 34/48 MP: 10/10
  3372 | D:4      | Found a staircase to the Ecumenical Temple.
  3382 | Temple   | Entered the Ecumenical Temple
  3408 | Temple   | Became a worshipper of Gozag Ym Sagoz the Greedy
  3653 | D:4      | Found an ancient bone altar of Kikubaaqudgha.
  3675 | D:4      | Found a broken altar of Ashenzari.
  3679 | D:4      | Found a glowing golden altar of the Shining One.
  3789 | D:5      | Found a stormy altar of Qazlal.
  4039 | D:5      | Reached skill level 5 in Hexes
  4071 | D:5      | HP: 1/48 [orc/+0 trident (7)]
  4072 | D:5      | Slain by an orc

Illustrated notes

Levels and vault maps discovered:
D:1:      kennysheep_arrival_forest, layout_basic
D:2:      layout_basic, nicolae_ecumenical_snake_handling, uniq_natasha
D:3:      layout_basic, uniq_terence
D:4:      layout_layer_cave, lemuel_round_altar, minitemple, temple_fountains,
          gup_sewer_entry_glass, serial_park_tiny_pond, uniq_menkaure
D:5:      layout_basic, kennysheep_mini_moat, nicolae_qazlal_general_emergency,
          jmf_multi_god_temple2
Temple:   nicolae_temple_ecumenical_triangle

Skill      XL: |  1  2  3  4  5  6  7 |
---------------+----------------------+-----
Dodging        | 3 4 5 |  5.2
Fighting       | 4 |  4.3
Spellcasting   | 1 2 |  2.0
Hexes          | 3 5 |  5.0
Short Blades   | |  2.5
Stealth        | |  6.6

Action                   |  1- 3 |  4- 6 |  7- 9 || total
-------------------------+-------+-------+-------++-------
Melee: Short sword       |    37 |     8 |       ||    45
       Tentacles         |     5 |    23 |    10 ||    38
       Punch             |     1 |     1 |       ||     2
       Constrict         |     6 |    28 |    10 ||    44
       Dagger            |       |   112 |    68 ||   180
 Cast: Slow              |       |     3 |     7 ||    10
Evoke: Wand              |     1 |       |       ||     1
  Use: Scroll            |     1 |     1 |     3 ||     5
       Potion            |     1 |       |     5 ||     6
 Stab: Sleeping          |     6 |    20 |       ||    26
Armor: Skin              |     7 |     6 |    69 ||    82
Dodge: Dodged            |    20 |    44 |    35 ||    99

Table legend: (Time is in decaauts)
 A = Elapsed time spent in this place.
 B = Non-inter-level travel time spent in this place.
 C = Inter-level travel time spent in this place.
 D = Time resting spent in this place.
 E = Time spent auto-exploring this place.
 F = Levels seen in this place.
 G = Mean time per level.
                   A        B        C        D        E       F      G
               +--------+--------+--------+--------+--------+-----+--------+
         Total |   4039 |   3910 |    129 |    373 |   2681 |   6 |  673.2 |
       Dungeon |   4005 |   3882 |    123 |    373 |   2665 |   5 |  801.0 |
        Temple |     33 |     27 |      6 |      0 |     16 |   1 |   33.0 |
               +--------+--------+--------+--------+--------+-----+--------+

Top non-repeatable levels by time:
     D:2: 1117 daAuts
     D:4: 1034 daAuts
     D:3: 915 daAuts
     D:1: 600 daAuts
     D:5: 337 daAuts
  Temple: 33 daAuts
